 Dungeon Crawl Stone Soup version 0.19-a0-1127-gac58878 (webtiles) character file.

711 torvon the Conjurer (level 7, 0/41 HPs)
             Began as a Gargoyle Conjurer on Aug 12, 2016.
             Slain by a water moccasin (4 damage)
             ... on level 5 of the Dungeon.
             The game lasted 00:38:27 (6870 turns).

torvon the Conjurer (Gargoyle Conjurer)             Turns: 6870, Time: 00:38:28

Health: 0/41       AC: 12    Str: 12    XL:     7   Next: 68%
Magic:  3/12       EV: 13    Int: 17    God:
Gold:   265        SH:  0    Dex: 14    Spells: 3 memorised, 5 levels left

rFire  . . .     SeeInvis .     w - +0 morningstar
rCold  . . .     Gourm    .     y - +3 leather armour
rNeg   + . .     Faith    .     (no shield)
rPois  ∞         Spirit   .     x - +0 helmet
rElec  +         Dismiss  .     (no cloak)
rCorr  .         Reflect  .     q - +0 pair of gloves
SustAt .         Harm     .     (no boots)
MR     .....                    (no amulet)
Stlth  ++........               (no ring)
                                B - +4 ring of dexterity

@:
A: negative energy resistance 1, electricity resistance, unbreathing,
petrification resistance, rot immunity, AC +4
a: no special abilities


You were on level 5 of the Dungeon.
You were not hungry.

You visited 1 branch of the dungeon, and saw 5 of its levels.

You collected 265 gold pieces.

Inventory:

Hand Weapons
 i - a +0 spear
 w - a +0 morningstar (weapon)
 C - a +0 dagger of speed
Missiles
 j - 4 javelins (quivered)
 r - 19 poisoned needles
 v - a throwing net
Armour
 k - a +0 buckler
 l - a +0 buckler
 q - a +0 pair of gloves (worn)
 x - a +0 helmet (worn)
 y - a +3 leather armour (worn)
 D - a +0 pair of boots
Jewellery
 B - a +4 ring of dexterity (left hand)
Scrolls
 f - 2 scrolls of fear {unknown}
 g - 2 scrolls of enchant armour {unknown}
 h - a scroll of noise {unknown}
 m - 3 scrolls of remove curse {unknown}
 p - 2 scrolls of immolation {unknown}
 s - 2 scrolls of amnesia {unknown}
 t - 4 scrolls of enchant weapon {unknown}
 u - 2 scrolls of teleportation {unknown}
Potions
 c - 3 potions of curing {unknown}
 d - a potion of resistance {unknown}
 e - 2 potions of cancellation {unknown}
 n - 3 potions of berserk rage {unknown}
 o - a potion of flight {unknown}
 z - a potion of degeneration {unknown}
 A - a potion of might {unknown}
Books
 b - a book of Conjurations

   Spells                             Type                      Level
   a - Magic Dart                     Conjuration                  1
   b - Searing Ray                    Conjuration                  2
   c - Dazzling Spray                 Conjuration/Hexes            3
   d - Fulminant Prism                Conjuration/Hexes            4
   e - Iskenderun's Mystic Blast      Conjuration                  4
   f - Iskenderun's Battlesphere      Conjuration/Charms           5
Comestibles
 E - 2 meat rations


   Skills:
 + Level 3.3 Fighting
 + Level 3.5 Dodging
 - Level 2.1 Stealth
 + Level 3.8 Spellcasting
 * Level 7.2 Conjurations


You had 5 spell levels left.
You knew the following spells:

 Your Spells              Type           Power        Failure   Level  Hunger
a - Magic Dart            Conj           ####         1%          1    None
b - Iskenderun's Mystic   Conj           ####....     12%         4    ####...
c - Dazzling Spray        Conj/Hex       ###...       14%         3    ###....


Dungeon Overview and Level Annotations

Branches:
Dungeon (5/15)             Temple (0/1) D:5

Altars:


Innate Abilities, Weirdness & Mutations

You are resistant to torment.
Your stone body is resilient. (AC +4)
You are immune to poison.
You resist negative energy. (rN+)
You are resistant to electric shocks. (rElec)
You can survive without breathing.
You are immune to petrification.
You are immune to rotting.


Message History

* * * LOW HITPOINT WARNING * * *
The water moccasin bites you.
* * * LOW HITPOINT WARNING * * *
You hit the water moccasin.
The water moccasin is moderately wounded.
The water moccasin bites you but does no damage.
The water moccasin bites you.
* * * LOW HITPOINT WARNING * * *
You barely miss the water moccasin.
The water moccasin is moderately wounded.
You hear the rusting of a very distant drain.
The water moccasin bites you but does no damage. x2
The water moccasin closely misses you.
The water moccasin bites you but does no damage.
The water moccasin misses you.
The water moccasin completely misses you.
The water moccasin bites you.
* * * LOW HITPOINT WARNING * * *
The water moccasin bites you.
You die...

...###.####.....
#.....##..# ..##
#..#..# ..#
##...## .##
##...#
#.#####..## ##
##....##
#.......### #
##..##..#
#..####...###.
####..###..##
##.###.......#
##..### #...##
#.##..###..##
...##
#.#..#####....##
#.# ..##
#...#...#@S##.##
.# #.#
#.##..#...####.#
# ### #.#
##....## ##. #.#
#.##.# .. #. #.#
### ### # ..#
###


You could see a water moccasin.

Vanquished Creatures
  An ice beast (D:5)
  A phantom (D:4)
  A big kobold (D:5)
  A giant frog skeleton (D:4)
  2 hounds (D:4)
  An orc wizard (D:4)
  Jessica (D:2)
  2 worker ants
  Robin (D:2)
  7 gnolls
  7 adders
  An ooze (D:2)
  2 adder skeletons
  A dart slug (D:1)
  A worm (D:3)
  4 giant geckos (D:1)
  15 orcs
  4 bats
  5 giant cockroaches
  10 goblins
  8 hobgoblins
  5 jackals
  2 quokkas (D:4)
  2 ball pythons
  A giant newt (D:1)
  10 kobolds
  6 rats
102 creatures vanquished.

Notes
Turn   | Place    | Note
-------+----------+-------------------------------------------
     0 | D:1      | torvon the Gargoyle Conjurer began the quest for the Orb.
     0 | D:1      | Reached XP level 1. HP: 10/10 MP: 3/3
   264 | D:1      | Reached XP level 2. HP: 15/15 MP: 0/5
   613 | D:1      | Reached skill level 5 in Conjurations
   613 | D:1      | Reached XP level 3. HP: 19/19 MP: 3/6
  1215 | D:2      | Noticed Robin
  1226 | D:2      | Killed Robin
  1430 | D:2      | Reached XP level 4. HP: 20/24 MP: 1/7
  1483 | D:2      | Noticed Jessica
  1488 | D:2      | Killed Jessica
  1488 | D:2      | Reached skill level 1 in Fighting
  2465 | D:1      | Learned a level 4 spell: Iskenderun's Mystic Blast
  2541 | D:2      | Reached XP level 5. HP: 29/29 MP: 0/9
  3640 | D:3      | Noticed a sky beast
  3867 | D:3      | Learned a level 3 spell: Dazzling Spray
  4872 | D:3      | Reached XP level 6. HP: 35/35 MP: 8/10
  5265 | D:4      | Noticed a phantom
  5297 | D:3      | Reached skill level 6 in Conjurations
  5510 | D:4      | Killed a phantom
  5902 | D:4      | Reached XP level 7. HP: 35/40 MP: 0/12
  6620 | D:5      | Entered Level 5 of the Dungeon
  6672 | D:5      | Found a staircase to the Ecumenical Temple.
  6715 | D:5      | Reached skill level 7 in Conjurations
  6870 | D:5      | Slain by a water moccasin

Vault maps used:
D:1:      dpeg_arrival_prison, minmay_tall_x
D:2:      kennysheep_big_flooded_room, uniq_jessica, uniq_robin
D:3:      kennysheep_generic_room_8
D:4:      minmay_misc_feat_enclosed, minivault_4
D:5:      first_bread, gup_sewer_entry_bowl

Skill      XL: |  1  2  3  4  5  6  7 |
---------------+----------------------+-----
Conjurations   | 5 6 7 |  7.2
Dodging        | 2 3 |  3.5
Fighting       | 1 2 3 |  3.3
Spellcasting   | 3 |  3.8
Stealth        | |  2.1

Action                   |  1- 3 |  4- 6 |  7- 9 || total
-------------------------+-------+-------+-------++-------
Melee: Whip              |    15 |    54 |       ||    69
       Short sword       |     5 |    34 |       ||    39
       Spear             |       |    35 |       ||    35
       Morningstar       |       |     9 |    47 ||    56
 Cast: Magic Dart        |    46 |   134 |    43 ||   223
       Iskenderun's Myst |       |    10 |     2 ||    12
       Dazzling Spray    |       |     4 |       ||     4
  Use: Scroll            |       |     2 |     3 ||     5
  Eat: Bread ration      |     1 |     1 |       ||     2
       Chunk             |       |     2 |     4 ||     6
       Meat ration       |       |     1 |       ||     1
       Royal jelly       |       |     1 |       ||     1
       Pizza             |       |     1 |       ||     1
Armor: Robe              |    15 |    51 |       ||    66
       Leather armour    |       |    41 |    53 ||    94
Dodge: Dodged            |    24 |   139 |    61 ||   224
